Cogmind - Beta 14 @@@ ROGUE MODE // 2024.09.01 @ 21:57:19 Player: Epsilon 11 Result: Destroyed by Y-45 Defender with Beam Rifle Performance ------------- Evolutions (1) 500 Regions Visited (2) 400 Robots Destroyed (30) 150 Value Destroyed (782) 782 Prototype IDs (1) 20 Alien Tech Used (0) 0 Bonus (13) 13 TOTAL SCORE: 1865 Bonus ------- High Alert Combat Kills 13 Cogmind --------- Core Integrity 0/400 Matter 257/300 Energy 92/100 System Corruption 0% Temperature Warning (312) Movement Core (150) Ox2 Location -9/Materials Parts ------- > --- POWER (1) -------- (None) > --- PROPULSION (3) --- (None) > --- UTILITY (3) ------ Small Storage Unit Power Shielding > --- WEAPON (2) ------- Improved Medium Laser > --- INVENTORY (8) ---- Structural Scanner Faulty Improved Medium Laser Faulty Improved Medium Laser Rocket Launcher Plasma Cutter Peak State ------------ > --- POWER ------------ Improved Ion Engine > --- PROPULSION ------- Light Treads Light Treads Improved Treads > --- UTILITY ---------- Improved Heat Sink Small Storage Unit Power Shielding > --- WEAPON ----------- Particle Gun Particle Gun > --- INVENTORY -------- Structural Scanner Improved Medium Laser Improved Medium Laser Improved Medium Laser Heavy Assault Rifle Heavy Assault Rifle Rocket Launcher Plasma Cutter [Rating: 16] Favorites ----------- Power Improved Ion Engine Engine Improved Ion Engine Propulsion Compact Wheel Treads Light Treads Wheel Compact Wheel Utility Small Storage Unit Device Structural Scanner Storage Small Storage Unit Protection Power Shielding Weapon Particle Gun Energy Gun Particle Gun Ballistic Gun Heavy Assault Rifle Launcher Grenade Launcher Build | -11 -10 -9 ------- Run | Yrd Mat Mat Slots Evolved 2 | . . 2 Power . | . . . Propulsion 1 | . . 1 Utility 1 | . . 1 Weapon . | . . . Parts Attached 32 | 6 3 23 Power 4 | 1 1 2 Engine 4 | 1 1 2 Core . | . . . Reactor . | . . . Propulsion 13 | 2 . 11 Treads 7 | . . 7 Leg . | . . . Wheel 6 | 2 . 4 Hover . | . . . Flight . | . . . Utility 4 | 1 1 2 Device 2 | . . 2 Storage 1 | 1 . . Processor . | . . . Hackware . | . . . Protection 1 | . 1 . Artifact . | . . . Weapon 11 | 2 1 8 Energy Gun 8 | 2 . 6 Energy Cannon . | . . . Ballistic Gun 2 | . . 2 Ballistic Cannon . | . . . Launcher 1 | . 1 . Special Weapon . | . . . Impact Weapon . | . . . Slashing Weapon . | . . . Piercing Weapon . | . . . Special Melee Weapon . | . . . Unidentified Prototypes 1 | . . 1 Parts Lost 18 | . 3 15 Power 1 | . . 1 Propulsion 8 | . 1 7 Utility 1 | . . 1 Weapon 8 | . 2 6 Highest Loss Streak 7 | . 2 7 To Critical Strikes . | . . . Average Slot Usage (%) 92 | . 82 93 Engine 11 | . 14 10 Treads 12 | . . 15 Wheel 17 | . 27 15 Device 6 | . . 7 Storage 11 | . 14 11 Protection 9 | . . 11 Energy Gun 20 | . 19 20 Launcher 1 | . 7 . Peak Build Rating 16 | 6 6 16 Average Rating 11 | 4 5 12 On Entrance 3 | . 6 5 Naked Turns . | . . . Heaviest Build 20 | 14 15 20 Greatest Support 63 | 32 32 63 Greatest Overweight (x) 1 | . . 1 Average Overweight (x) . | . . . Largest Inventory Capacity 8 | 8 8 8 Average Capacity 7 | 6 8 8 Most Carried 8 | 2 3 8 Average Carried 6 | 1 2 7 Final Capacity 8 | 8 8 8 Final Carried 5 | 2 2 5 Class Distribution -------------------- 95% | Mutant 4% | Scavenger-Mutant Dominant Class ---------------- Mutant | -10/Materials Mutant | -9/Materials Resources | -11 -10 -9 ----------- Run | Yrd Mat Mat Matter Collected 528 | 251 36 241 Remotely . | . . . Salvage Created 899 | . 63 836 Parts 47 | . 9 38 Haulers Intercepted . | . . . Recyclers Shooed 1 | . . 1 Parts Field Recycled . | . . . Retrieved Matter . | . . . Parts Self-Destructed . | . . . Prevented . | . . . Kills | -11 -10 -9 ------- Run | Yrd Mat Mat Combat Hostiles Destroyed 25 | . 4 21 Guns 21 | . . 21 AOE 4 | . 4 . Classes Destroyed 7 | . 4 3 Worker 3 | . 2 1 Recycler 1 | . . 1 Operator 1 | . 1 . Swarmer 9 | . 3 6 Grunt 8 | . 1 7 Duelist 1 | . . 1 Sentry 7 | . . 7 Best Kill Streak 7 | . 3 7 Combat Bots Only 7 | . 3 7 Max Kills in Single Turn 2 | . 2 1 Gunslinging . | . . . Exploded 2 | . 2 . Melee . | . . . Uniques/NPCs Destroyed . | . . . Combat | -11 -10 -9 -------- Run | Yrd Mat Mat Hostile Shots Fired 179 | . 27 152 Missed 36 | . 8 28 Damage Taken 2050 | . 358 1692 Core 495 | . 90 405 Absorbed by Shields . | . . . Redirected to Shielding 36 | . . 36 Core Remaining (%) 82 | 100 64 . Volleys Fired 90 | . 13 77 Largest 2 | . 2 2 Hottest 130 | . 80 130 Shots Fired 161 | . 19 142 Gun 156 | . 14 142 Cannon . | . . . Launcher 5 | . 5 . Special . | . . . Kinetic 22 | . . 22 Thermal 120 | . . 120 Explosive 5 | . 5 . Electromagnetic 14 | . 14 . Robot Hit Streak 14 | . 4 14 Robot Miss Streak 4 | . 3 4 Penetration Max . | . . . Secondary Targets 3 | . . 3 Max Gunslinging Chain 1 | . . 1 Shots Hit Robots 105 | . 11 94 Core Hits 43 | . 7 36 Critical Kills . | . . . Critical Parts Destroyed . | . . . Critical Strikes 3 | . . 3 Burn 3 | . . 3 Melee Attacks . | . . . Impact . | . . . Slashing . | . . . Piercing . | . . . Sneak Attacks . | . . . Combat Hostiles . | . . . Follow-up Attacks . | . . . Damage Inflicted 1881 | . 388 1493 Guns 1561 | . 68 1493 Cannons . | . . . Explosions 320 | . 320 . Melee . | . . . Ramming . | . . . Kinetic 210 | . . 210 Thermal 1321 | . 38 1283 Explosive 282 | . 282 . Electromagnetic 68 | . 68 . Impact . | . . . Slashing . | . . . Piercing . | . . . Highest Corruption . | . . . Average Corruption . | . . . Corruption Purged . | . . . Corruption Blocked . | . . . Overload Shots . | . . . Overflow Damage 43 | . 43 . Projectiles . | . . . Explosions 43 | . 43 . Melee . | . . . Knockbacks . | . . . Impact . | . . . Kinetic . | . . . Secondary . | . . . Self-Inflicted Damage 188 | . 188 . Shots 6 | . 6 . Rammed . | . . . Targets Rammed . | . . . Kicked . | . . . Crushed . | . . . Highest Temperature 552 | . 72 552 Average Temperature 152 | . 33 164 Received Heat Transfer 549 | . 30 519 Effects 9 | . . 9 Shutdowns 2 | . . 2 Energy Bleed 1 | . . 1 Short Circuit 1 | . . 1 Damage (minor) 4 | . . 4 Damage (core) 1 | . . 1 Siege Activations . | . . . Robots Corrupted . | . . . Combat Hostiles . | . . . Parts Fried . | . . . Impact Corruptions . | . . . Robots Melted . | . . . Combat Hostiles . | . . . Parts Melted 8 | . . 8 Heat Transferred 3293 | . . 3293 Parts Sabotaged . | . . . Parts Stolen . | . . . Parts Stripped . | . . . Power Chain Reactions 1 | . 1 . Alert | -11 -10 -9 ------- Run | Yrd Mat Mat Peak Influence 413 | . 172 413 Initial 72 | . . 72 Average 129 | . 74 146 Maximum Alert Level 2 | . . 2 Low Security (%) 82 | 100 100 78 Level 1 16 | . . 20 Level 2 . | . . 1 Level 3 . | . . . Level 4 . | . . . Level 5 . | . . . High Security . | . . . Max Security . | . . . Squads Dispatched 3 | . 2 1 Investigation 1 | . . 1 Extermination . | . . . Reinforcement 2 | . 2 . Assault . | . . . Garrison . | . . . Intercept . | . . . Searches Triggered . | . . . Construction Impeded . | . . . Haulers Reinforced . | . . . Active Scanning Responses . | . . . Cargo Convoy Interrupts . | . . . Stealth | -11 -10 -9 --------- Run | Yrd Mat Mat Distress Signals 5 | . 1 4 Communications Jammed . | . . . Distress Signals . | . . . Times Spotted 44 | . 8 36 Peak Tracking Total 7 | . 5 7 Tactical Retreats 2 | . . 2 Traps | -11 -10 -9 ------- Run | Yrd Mat Mat Traps Triggered 1 | . . 1 Indirectly . | . . . Trap Hack Attempts . | . . . Triggered . | . . . Disarmed . | . . . Reprogrammed . | . . . Reused . | . . . Traps Extracted . | . . . Installed . | . . . Triggered . | . . . Machines | -11 -10 -9 ---------- Run | Yrd Mat Mat Machines Disabled 2 | . 1 1 Max in Single Turn 1 | . 1 1 Machines Repaired . | . . . Machines Dismantled . | . . . Machines Sabotaged . | . . . Overloaded Fab Kills . | . . . Hacking | -11 -10 -9 --------- Run | Yrd Mat Mat Machines Accessed 7 | . 3 4 Terminals 6 | . 3 3 Fabricators . | . . . Repair Stations . | . . . Recycling Units 1 | . . 1 Scanalyzers . | . . . Garrison Access . | . . . Total Hacks 16 | . 5 11 Successful 8 | . 2 6 Failed 8 | . 3 5 Catastrophic 2 | . 2 . Database Lockouts . | . . . Manual 12 | . 5 7 Terminals 15 | . 5 10 Fabricators . | . . . Repair Stations . | . . . Recycling Units 1 | . . 1 Scanalyzers . | . . . Garrison Access . | . . . Terminal Hacks 2 | . . 2 Terminal Index 1 | . . 1 Hauler Manifests 1 | . . 1 Fabricator Hacks . | . . . Repair Station Hacks . | . . . Recycling Unit Hacks 1 | . . 1 Report Inventory 1 | . . 1 Scanalyzer . | . . . Garrison Access Hacks . | . . . Unauthorized Hacks 5 | . 2 3 Terminals 5 | . 2 3 Botnet 4 | . 2 2 Operators 1 | . . 1 Fabricators . | . . . Repair Stations . | . . . Recycling Units . | . . . Scanalyzers . | . . . Garrison Access . | . . . Data Cores Recovered 1 | . 1 . Used 1 | . 1 . Hacking Detections 7 | . 3 4 Full Trace Events . | . . . Feedback Events . | . . . Feedback Blocked . | . . . Robot Schematics Acquired . | . . . Robots Built . | . . . Authchips . | . . . Time . | . . . Total Robot Build Rating . | . . . Part Schematics Acquired . | . . . Parts Built . | . . . Authchips . | . . . Time . | . . . Total Part Build Rating . | . . . Parts Repaired . | . . . Time . | . . . Parts Recycled . | . . . Recycled Matter . | . . . Retrieved Matter . | . . . Retrieved Components . | . . . Parts Scanalyzed . | . . . Part Schematics Acquired . | . . . Parts Damaged . | . . . Bothacking | -11 -10 -9 ------------ Run | Yrd Mat Mat Used RIF Installer . | . . . Robots Hacked . | . . . Non-combat . | . . . Combat . | . . . Robot Hacks Applied . | . . . Relay Couplers Released . | . . . Fabnet Peak Effective % . | . . . Robots Rewired . | . . . Allies Hacked . | . . . Hacks Repelled . | . . . Allies | -11 -10 -9 -------- Run | Yrd Mat Mat Total Allies . | . . . Largest Group . | . . . Highest-Rated Group . | . . . Highest-Rated Ally . | . . . Total Orders . | . . . Ally Attacks . | . . . Total Damage . | . . . Kills . | . . . Allies Corrupted . | . . . Allies Melted . | . . . Intel | -11 -10 -9 ------- Run | Yrd Mat Mat Robot Analysis Total . | . . . Derelict Logs Recovered . | . . . Drone Launches . | . . . Drone Recoveries . | . . . Exploration | -11 -10 -9 ------------- Run | Yrd Mat Mat Turns Passed 1304 | 53 193 1058 Spaces Moved 777 | 43 134 600 Core 1 | 1 . . Treads 135 | . . 135 Legs . | . . . Wheels 641 | 42 134 465 Hover . | . . . Flight . | . . . Fastest Speed 50 | 50 100 80 Average Speed 106 | 98 100 108 Slowest Speed 160 | 100 100 160 Overloaded Moves . | . . . Propulsion Burnouts . | . . . Robots Hopped . | . . . Cave-ins Triggered . | . . . Exploration Rate (%) 31 | 3 30 61 Regions Visited 2 Branch Regions . Pre-discovered Areas . | . . . Known Exits Taken . | . . . Unknown Exits Taken 2 | 1 1 . Scrap Searched . | . . . Spaces Dug . | . . . Terrain Destroyed 23 | . 23 . Melee . | . . . Projectile . | . . . AOE 23 | . 23 . Terrain Rammed . | . . . Walls Destroyed . | . . . Machines Disabled . | . . . Actions | -11 -10 -9 --------- Run | Yrd Mat Mat Total 1089 | 50 173 866 Wait 162 | . 22 140 Move 775 | 42 133 600 Hop . | . . . Pick Up 18 | 2 1 15 Fast Attach 12 | 6 1 5 Attach 12 | . 1 11 Detach 3 | . . 3 Swap 8 | . 1 7 Drop 9 | . 1 8 Fire 90 | . 13 77 Melee . | . . . Ram . | . . . Kick . | . . . Crush . | . . . Escape Stasis . | . . . Rewire . | . . . Trap . | . . . Miscellaneous . | . . . Route ------- -11/Scrapyard -10/Materials -9/Materials (discovered 2 exits: [*Mat] / [*Min]) History --------- Turn | Location | Event 12 | -11/Scrapyard | Discovered new exit (range 14) 54 | -11/Scrapyard | Entered Materials 233 | -10/Materials | Discovered new exit (range 9) 247 | -10/Materials | Entered another Materials area 247 | -9/Materials | Evolved 2 slots: Propulsion x1, Utility x1 335 | -9/Materials | Build established: Mutant 719 | -9/Materials | Discovered new exit (range 8) 991 | -9/Materials | Discovered new exit (range 9) 1182 | -9/Materials | Core integrity fell below 50% 1267 | -9/Materials | Destroyed 7 combat bots 1289 | -9/Materials | Core integrity fell below 20% 1305 | -9/Materials | Destroyed by Y-45 Defender with Beam Rifle Last Messages --------------- 01269_ Destroyed Flight Unit. 01272_ Imp. Treads destroyed. 01272_ S-10 Pest destroyed. 01273_ Imp. Heat Sink destroyed. 01275_ S-10 Pest destroyed. 01279_ Lgt. Treads destroyed. 01282_ Imp. Ion Engine destroyed. 01285_ Particle Gun destroyed. 01285_ Hvy. Assault Rifle destroyed. 01286_ W-16 Scout sends out distress signal. 01287_ Identified Imp. Medium Laser. 01287_ Faulty integration triggers heat surge (+461). 01289_ Overheating: Power Shielding damaged (-5). 01292_ C-30 ARC bursts open, deploying its payload. 01292_ L-31 Rogue unfolds itself. 01292_ G-34 Mercenary unfolds itself. 01293_ Heat Sink melted. 01293_ Y-45 Defender destroyed. 01296_ Overheating: Hvy. Assault Rifle damaged (-77). 01301_ Hvy. Assault Rifle destroyed. Map ----- +----------------------------------------------------+ | # ##??????????????????????????? | | # !!##??????????????????????????? | | + !|##??????????????????????????? | | # ##??????????????????????????? | | # ##??????????????????????????? | | ################### ? # ?????????????? | | ################## # ?????????????? | | # ?????????????? | | # ?????????????? | | # ?????????????? | | ##### ############ # ?????????????? | | ###### ############ ? # ?????????????? | | ###### ##????????????????????????????? | | ###### ##????????????????????????????? | | # ## ???????????????????????????? | | # ####### ???????????????????????????? | | # # # ???????????????????????????? | | # + # ???????????????????????????? | | # # "Y" # ???????????????????????????? | | + # """ # ???????????????????????????? | | # # # ??????????????????#????????? | | # ##/#### ######## ? +????????? | | # #################### #????????? | | # % %*#????????? | | # =% ######Y######????? | | # %= [ = # l@%[ #????? | | %*%[* %g "= [ T #????? | | # ###########%%###### """[%= #????? | | # ########### [###### """ #????? | | # ##???????## =##???# """ #????? | | # ##???????## ##???# #????? | | # ##???????## ##???# #???? | | # ##??????? ##???########w#####???? | | # ##???????? ##????????????#???????? | | # ##??????? ##????????????????????? | | # ##??????? ##????????????????????? | | # ##??????? ##????????????????????? | | # ##?????? ##????????????????????? | | #+##?????? ##????????????????????? | | ?????? ##????????????????????? | | ????????? ##????????????????????? | | ?????????? #?????????????????????? | | ???????????? ##?????????????????????? | | ????????????? ##?????????????????????? | | ?????????????????????????????????????? | | ?????????????????????????????????????? | | ?????????????????????????????????????? | | ?????????????????????????????????????? | | ?????????????????????????????????????? | | ?????????????????????????????????????? | +----------------------------------------------------+ Best States ------------- Heat Dissipation 42 Energy Generation 12 Energy Capacity 265 Matter Stores 300 Matter Capacity 300 Sight Range 16 Terrain Scan Density 10 Power Shielding 33 Evasion (%) 44 Recoil Reduction 3 Item Schematics ----------------- None Robot Schematics ------------------ None Fabricated ------------ Nothing Alien Tech Used ----------------- None Achievements -------------- None Challenges ------------ None Game ------ Seed FlyingGravmagTrap Manual? 0 Play Time 00:19:03 Cumulative 157.1 hours Start 2024.09.01 @ 21:36:08 End 2024.09.01 @ 21:57:19 Sessions 1 Manual Loads 0 Difficulty Rogue Special Mode None Game No. 75 Rogue 32 Adventurer 43 Explorer 0 Win Type - Total 4 Types 2/0/1/0/0/0/0/1/0 Lore% 60 Gallery% 66 Achievement% 58 Wizard Run 0 Options --------- Layout 0 ASCII 0 Keyboard 0 Movement Mouse Keybinds 0 Fullscreen 1 Font 24/Smallcaps Map View 76x50 Zoom Use 0% Tactical HUD 1 Map Filters NONE Filters NONE Steam 1 RUN: cb9808f3-45ad-4f74-9716-4e2d9f06dbfe